 Dungeon Crawl Stone Soup version 0.30-a0-368-g86fb4627a9 (webtiles) character file.

Game seed: 8659058201324053900

240 themarg the Conjurer (level 5, -2/38 HPs)
             Began as a Draconian Conjurer on Nov 19, 2022.
             Slain by a bullfrog (5 damage)
             ... in a sewer.
             The game lasted 00:10:29 (4174 turns).

themarg the Conjurer (Draconian Conjurer)           Turns: 4174, Time: 00:10:29

Health: -2/38      AC:  5    Str:  9    XL:     5   Next: 79%
Magic:  1/10       EV: 12    Int: 21    God:
Gold:   164        SH:  0    Dex: 15    Spells: 8/11 levels left

rFire   + . .      SeeInvis .    c - +0 short sword
rCold   . . .      Faith    .    (no shield)
rNeg    . . .      Spirit   .    (body armour unavailable)
rPois   .          Reflect  .    (helmet restricted)
rElec   .          Harm     .    (no cloak)
rCorr   .          Rampage  .    (no gloves)
Will    .....                    (no boots)
Stlth   ++........               (no amulet)
HPRegen 0.26/turn                n - +6 ring of dexterity
MPRegen 0.12/turn                p - ring of protection from fire

@: studying Ice Magic
A: AC +5, unfitting armour, cold-blooded
a: no special abilities


You were in a sewer.
You visited 1 branch of the dungeon, and saw 3 of its levels.
You also visited: Sewer.

You collected 164 gold pieces.

Inventory:

Hand Weapons
 c - a +0 short sword (weapon)
Missiles
 b - 4 poisoned darts
 d - 56 stones
 f - 2 atropa-tipped darts
Jewellery
 n - a +6 ring of dexterity (left hand)
 p - a ring of protection from fire (right hand)
Scrolls
 h - 2 scrolls of teleportation {unknown}
 i - 6 scrolls of identify {unknown}
 k - 3 scrolls of amnesia {unknown}
 l - a scroll of noise {unknown}
 o - a scroll of silence {unknown}
 q - a scroll of summoning {unknown}
 r - a scroll of enchant weapon {unknown}
 s - a scroll of fear {unknown}
Potions
 a - 2 potions of magic
 e - a potion of curing {unknown}
 g - a potion of ambrosia {unknown}
 j - 2 potions of heal wounds {unknown}
 m - 2 potions of degeneration {unknown}
 t - a potion of invisibility {unknown}


   Skills:
 - Level 1.9 Dodging
 - Level 3.0 Stealth
 + Level 3.9 Spellcasting
 + Level 5.4 Conjurations


You had 8 spell levels left.
You knew the following spells:

 Your Spells              Type           Power      Damage    Failure   Level
a - Magic Dart            Conj           100%       1d8       1%          1
b - Searing Ray           Conj           54%        2d6       1%          2

Your spell library contained the following spells:

 Spells                   Type           Power      Damage    Failure   Level
 Dazzling Flash           Conj/Hex       30%        N/A       12%         3
 Fulminant Prism          Conj/Hex       7%         3d6       36%         4
 Iskenderun's Mystic Bla  Conj/Tloc      15%        2d5       36%         4


Dungeon Overview and Level Annotations

Branches:
Dungeon (3/15)              Sewer (1/1)

Altars:
Kikubaaqudgha


Innate Abilities, Weirdness & Mutations

Your plain brown scales are hard. (AC +5)
You cannot fit into any form of body armour.
You are cold-blooded and may be slowed by cold attacks.


Message History

Confirm with . or Enter, or press ? or * to list all spells.
Aiming: Searing Ray (safe; 1% risk of failure)
Press: ? - help, Shift-Dir - straight line, f - endoplasm
Aim: an endoplasm (98% to hit)
The searing ray hits the endoplasm.
You kill the endoplasm! (Press . to maintain the ray.)
You feel sick.
A ball python comes into view.
You enter the shallow water.
Moving in this stuff is going to be slow.
You feel sick.
You feel sick.
You feel sick.
You are no longer poisoned.
The bullfrog swells and bulges.
The bullfrog hits you! The bullfrog attacks as you move away!
The bullfrog hits you. The bullfrog barely misses you.
The bullfrog hits you but does no damage.
Casting: Searing Ray (safe; 1% risk of failure)
Confirm with . or Enter, or press ? or * to list all spells.
Aiming: Magic Dart (safe; 1% risk of failure)
Press: ? - help, Shift-Dir - straight line, f - bullfrog
Aim: a bullfrog (100% to hit)
The magic dart hits the bullfrog!
The bullfrog is moderately wounded.
A bullfrog comes into view.
The bullfrog barely misses you.
You hit the bullfrog.
The bullfrog is heavily wounded.
The bullfrog hits you but does no damage.
The bullfrog hits you.
* * * LOW HITPOINT WARNING * * *
You hit the bullfrog.
The bullfrog is heavily wounded.
The bullfrog hits you.
* * * LOW HITPOINT WARNING * * *
The bullfrog hits you.
You die...

##################
~≈≈≈≈~≈~~≈≈≈≈~~..###
≈≈~~≈~†.~≈≈~≈≈~....##
~~≈~~≈≈≈#~~~~~~~....#
#~~~~≈≈≈≈≈~~~~~F....#
~≈~≈~≈≈≈≈≈≈~~≈~F@...##
≈~≈≈≈≈≈≈≈≈≈≈≈≈≈#.....#
#################....#
####†..## #..#....#
#..'....# #####...#
##...##
#################....#


You could see 2 bullfrogs.

Vanquished Creatures
  10 adders
  6 river rats (Sewer)
  A worm (D:2)
  15 ball pythons
  3 endoplasms
  6 giant cockroaches
  7 hobgoblins
  3 jackals (D:1)
  5 quokkas
  6 bats
  4 frilled lizards
  3 goblins
  6 kobolds
  31 rats
106 creatures vanquished.

Notes
Turn   | Place    | Note
-------+----------+-------------------------------------------
     0 | D:1      | themarg the Draconian Conjurer began the quest for the Orb.
     0 | D:1      | Reached XP level 1. HP: 14/14 MP: 3/3
   387 | D:1      | Reached XP level 2. HP: 20/20 MP: 3/5
   390 | D:1      | Learned a level 2 spell: Searing Ray
   745 | D:1      | You fall into a shaft and drop 1 floor!
  1482 | D:2      | Reached XP level 3. HP: 26/26 MP: 3/6
  2396 | D:2      | Reached XP level 4. HP: 33/33 MP: 6/8
  2762 | D:3      | Found an ancient bone altar of Kikubaaqudgha.
  3027 | D:3      | Found a glowing drain.
  3043 | Sewer    | Entered a sewer
  3488 | Sewer    | Reached XP level 5. HP: 38/38 MP: 4/9
  3553 | Sewer    | Reached skill level 5 in Conjurations
  4174 | Sewer    | Slain by a bullfrog

Illustrated notes

Levels and vault maps discovered:
D:1:      dpeg_arrival_three_smaller_balls, layout_basic,
          minmay_misc_feat_plants
D:2:      layout_basic, kennysheep_generic_room_10
D:3:      layout_loops_ring, mainiacjoe_overflow_paths,
          shapermc_ecumenical_altar_hornbeckon, portal_sewer_entry_f
Sewer:    sewer_minmay_w

Skill      XL: |  1  2  3  4  5 |
---------------+----------------+-----
Stealth        | 2 3 |  3.0
Spellcasting   | 3 |  3.9
Conjurations   | 5 |  5.4
Dodging        | |  1.9

Action                   |  1- 3 |  4- 6 || total
-------------------------+-------+-------++-------
Melee: Unarmed           |    11 |       ||    11
       Short sword       |    14 |    13 ||    27
       Tailslap          |     3 |     1 ||     4
       Punch             |     1 |       ||     1
 Cast: Magic Dart        |    51 |    63 ||   114
       Searing Ray       |    13 |    20 ||    33
Armor: Skin              |     7 |    19 ||    26
Dodge: Dodged            |    20 |    26 ||    46

Table legend: (Time is in decaauts)
 A = Elapsed time spent in this place.
 B = Non-inter-level travel time spent in this place.
 C = Inter-level travel time spent in this place.
 D = Time resting spent in this place.
 E = Time spent auto-exploring this place.
 F = Levels seen in this place.
 G = Mean time per level.
                   A        B        C        D        E       F      G
               +--------+--------+--------+--------+--------+-----+--------+
         Total |   4234 |   4130 |    104 |    547 |   2942 |   4 | 1058.5 |
       Dungeon |   3045 |   2941 |    104 |    119 |   2396 |   3 | 1015.0 |
         Sewer |   1189 |   1189 |      0 |    428 |    546 |   1 | 1189.0 |
               +--------+--------+--------+--------+--------+-----+--------+

Top non-repeatable levels by time:
     D:2: 1445 daAuts
     D:1: 1275 daAuts
   Sewer: 1189 daAuts
     D:3: 324 daAuts
